 Dungeon Crawl Stone Soup version 0.30-b1-2-g02819fbbbe (webtiles) character file.

Game seed: 11224824631836827335

24553 Sondawg117 the Severer (level 12, 0/106 HPs)
             Began as a Minotaur Berserker on July 19, 2023.
             Was a High Priest of Trog.
             Shot with an arrow by Nessos (2 damage)
             ... on level 4 of the Lair of Beasts.
             The game lasted 01:48:37 (12211 turns).

Sondawg117 the Severer (Minotaur Berserker)        Turns: 12211, Time: 01:48:38

Health: 0/106      AC: 20    Str: 29    XL:     12   Next: 81%
Magic:  11/11      EV: 17    Int:  6    God:    Trog [*****.]
Gold:   758        SH:  0    Dex: 12    Spells: 11/11 levels left

rFire   + . .        T - +5 great mace (flame)
rCold   . . .        (shield currently unavailable)
rNeg    . . .        K - +3 scale mail {rF+}
rPois   .            O - +1 hat {Stlth+}
rElec   .            v - +1 cloak
rCorr   .            Q - +2 pair of gloves
SInv    .            t - +0 pair of boots
Will    .....        W - amulet of faith
Stlth   +            u - +6 ring of strength
HPRegen 0.37/turn    V - +5 ring of evasion
MPRegen 0.12/turn

%: faith
@: lethally poisoned (0 -> -20), on berserk cooldown, slowed, very slow
A: horns 2, retaliatory headbutt
a: Renounce Religion, Berserk, Trog's Hand, Brothers in Arms


You were on level 4 of the Lair of Beasts.
You worshipped Trog.
Trog was extremely pleased with you.
You visited 2 branches of the dungeon, and saw 14 of its levels.
You also visited: Bailey and Volcano.

You collected 758 gold pieces.

Inventory:

Hand Weapons
 x - the +10 war axe of the Dragonfly {protect, Int+3}
   (You took it off a gnoll on level 3 of the Dungeon)

   Int:       It affects your intelligence (+3).
 D - a +4 dire flail of protection
 T - a +5 great mace of flaming (weapon)
Missiles
 a - 165 stones
 h - 8 poisoned darts
Armour
 c - a +0 kite shield
 t - a +0 pair of boots (worn)
 v - a +1 cloak (worn)
 J - a +0 plate armour
 K - a +3 scale mail of fire resistance (worn)
 N - +0 acid dragon scales
 O - a +1 hat of stealth (worn)
 Q - a +2 pair of gloves (worn)
Jewellery
 u - a +6 ring of strength (left hand)
 U - a ring of flight
 V - a +5 ring of evasion (right hand)
 W - an amulet of faith (around neck)
 Y - a +6 ring of dexterity
Wands
 q - a wand of flame (32) (quivered)
 A - a wand of digging (12)
 F - a wand of polymorph (6)
 M - a wand of mindburst (18)
 X - a wand of roots (10)
Scrolls
 e - 4 scrolls of silence {unknown}
 f - 2 scrolls of amnesia
 j - 7 scrolls of teleportation
 l - 3 scrolls of magic mapping
 n - 6 scrolls of poison
 o - 2 scrolls of butterflies {unknown}
 s - a scroll of noise {unknown}
 w - 2 scrolls of brand weapon {unknown}
 y - 2 scrolls of immolation {unknown}
 B - 3 scrolls of vulnerability {unknown}
 C - a scroll of blinking {unknown}
 G - 2 scrolls of fear {unknown}
 I - a scroll of enchant armour {unknown}
 L - a scroll of fog {unknown}
 S - 2 scrolls of identify
Potions
 b - 5 potions of haste
 d - 8 potions of heal wounds
 g - 3 potions of brilliance {unknown}
 i - 2 potions of magic
 k - 3 potions of attraction
 m - 3 potions of cancellation
 p - a potion of lignification
 r - 4 potions of flight
 z - 8 potions of might
 E - 2 potions of invisibility {unknown}
 H - 2 potions of curing {unknown}
 P - 2 potions of resistance {unknown}
 R - 4 potions of mutation {unknown}


   Skills:
 - Level 10.0 Fighting
 - Level 15.4(18.0) Axes
 + Level 15.4(18.0) Maces & Flails
 - Level 10.0 Armour
 - Level 4.2 Dodging
 - Level 3.7 Shields


You had 11 spell levels left.
You didn't know any spells.
Your spell library was empty.

Dungeon Overview and Level Annotations

Branches:
Dungeon (10/15)            Temple (0/1) D:5            Lair (4/5) D:10
  Swamp (0/4) Lair:3       Spider (0/4) Lair:3       Bailey (visited)
Volcano (visited)
  Slime: Lair:4-5       Orc: D:9-12

Altars:
Ashenzari
Makhleb
Okawaru
Trog
Uskayaw
Wu Jian
Xom
The Shining One

Shops:
D:6 (   D:7 *   D:9 *

Annotations:
Lair:3 exclusion: oklob plant
Lair:4 Nessos


Innate Abilities, Weirdness & Mutations

You have a pair of horns on your head.
You reflexively headbutt those who attack you in melee.


Message History

You are lethally poisoned!
* * * LOW HITPOINT WARNING * * *
Nessos shoots an arrow.
The arrow barely misses you.
You feel much better.
Your skin stops crawling.
You feel less strong-willed.
* * * LOW HITPOINT WARNING * * *
You feel extremely sick.
Nessos mumbles some strange words.
Nessos blinks!
Nessos shoots an arrow.
The arrow hits you!
* * * LOW HITPOINT WARNING * * *
You are more poisoned.
Nessos shoots an arrow.
The arrow barely misses you.
You feel much better.
* * * LOW HITPOINT WARNING * * *
You feel extremely sick.
Nessos mumbles some strange words.
Nessos blinks!
Nessos shoots an arrow.
The arrow barely misses you.
Nessos shoots an arrow.
The arrow misses you.
* * * LOW HITPOINT WARNING * * *
You feel extremely sick.
Nessos shoots an arrow.
The arrow misses you.
Nessos shoots an arrow.
The arrow hits you!
* * * LOW HITPOINT WARNING * * *
You are more poisoned.
Nessos shoots an arrow.
The arrow barely misses you.
There is a stone staircase leading up, spattered with blood here.
You feel much better.
* * * LOW HITPOINT WARNING * * *
You feel extremely sick. Nessos says, "Study your classics!"
Nessos mumbles some strange words.
Nessos blinks!
Nessos gestures wildly while chanting.
Nessos blinks!
Nessos mumbles some strange words.
Nessos blinks!
* * * LOW HITPOINT WARNING * * *
You feel extremely sick.
Nessos shoots an arrow.
The arrow hits you.
You die...

#......
###.......
##......ยง.#
#.........#
###........#
##c.......#
##........#
##.........#
##.....@..###
#........##
##........#
#.......###
#########


You could see Nessos (fast).

Vanquished Creatures
  Gastronok (D:8)
  Erolcha (D:9)
  A hydra (Lair:3)
  2 vault guards (Bailey)
  A sun demon (Volcano)
  An orc sorcerer (Volcano)
  7 elephants (Lair:3)
  3 black mambas
  6 cane toads
  2 rime drakes (Lair:3)
  6 komodo dragons
  A hornet (D:9)
  8 blink frogs (Lair:2)
  A jumping spider (Lair:3)
  A shadow (D:10)
  A wraith (D:9)
  A vampire (D:7)
  9 yaks
  7 humans (Bailey)
  A wyvern (D:8)
  A basilisk (Lair:2)
  A redback (Lair:3)
  4 vampire mosquitoes (Lair:3)
  Edmund (D:5)
  An acid dragon (D:10)
  2 water moccasins
  4 hell hounds (Volcano)
  An ice beast (D:7)
  2 sky beasts
  2 black bears
  4 orc warriors
  4 wolves (Lair:2)
  2 ogres
  7 centaurs
  A phantom (D:6)
  A kobold brigand (D:9)
  12 bullfrogs
  A gnoll sergeant (D:10)
  14 wights
  13 killer bees
  An electric eel (Lair:2)
  4 hounds
  5 jellies
  An orc priest (D:6)
  3 sleepcaps
  Jessica (D:3)
  2 gnoll boudas (D:7)
  3 iguanas
  3 orc wizards
  22 gnolls
  11 adders
  2 ufetubi
  2 worms (D:3)
  3 dart slugs
  12 orcs
  6 ball pythons
  4 endoplasms
  11 giant cockroaches
  18 goblins
  7 hobgoblins
  11 jackals (D:2)
  3 quokkas
  12 bats
  2 frilled lizards
  13 kobolds
  12 rats
313 creatures vanquished.

Vanquished Creatures (collateral kills)
  Nergalle (Lair:2)
  A cane toad (Lair:2)
  Prince Ribbit (Bailey)
  3 blink frogs (Lair:2)
  A gnoll sergeant (D:9)
  A gnoll (D:9)
8 creatures vanquished.

Vanquished Creatures (others)
  7 fungi (Lair:3)
  15 plants
22 creatures vanquished.

Grand Total: 343 creatures vanquished

Notes
Turn   | Place    | Note
-------+----------+-------------------------------------------
     0 | D:1      | Sondawg117 the Minotaur Berserker began the quest for the
                  | Orb.
     0 | D:1      | Reached XP level 1. HP: 19/19 MP: 0/0
   274 | D:1      | Reached XP level 2. HP: 26/26 MP: 1/1
   396 | D:1      | Reached skill level 5 in Axes
   559 | D:1      | Reached XP level 3. HP: 27/31 MP: 2/2
   615 | D:1      | Reached skill level 1 in Maces & Flails
   662 | D:1      | Reached ** piety under Trog
  1149 | D:2      | Reached XP level 4. HP: 39/39 MP: 3/3
  1967 | D:3      | Noticed Jessica
  1975 | D:3      | Killed Jessica
  1976 | D:3      | Reached XP level 5. HP: 45/45 MP: 4/4
  2049 | D:3      | Reached skill level 5 in Maces & Flails
  2366 | D:3      | Reached XP level 6. HP: 26/51 MP: 5/5
  2595 | D:3      | Identified the +10 war axe of the Dragonfly {protect,
                  | Int+3}
  3094 | D:4      | Reached *** piety under Trog
  3111 | D:4      | Identified the +2 trident of Ointment {heavy, Fragile
                  | Will++ Dex+7}
  3299 | D:4      | Found a shimmering altar of Xom.
  3299 | D:4      | Found a bloodstained altar of Trog.
  3364 | D:5      | Entered Level 5 of the Dungeon
  3689 | D:5      | Noticed Edmund
  3704 | D:5      | Killed Edmund
  3705 | D:5      | Reached XP level 7. HP: 57/57 MP: 6/6
  3893 | D:5      | Found a burning altar of Makhleb.
  3965 | D:5      | Found a staircase to the Ecumenical Temple.
  4243 | D:5      | Noticed a yak
  4244 | D:5      | Noticed a yak
  4248 | D:5      | Noticed a yak
  4250 | D:5      | Noticed a yak
  4253 | D:5      | Killed a yak
  4254 | D:5      | Killed a yak
  4259 | D:5      | Killed a yak
  4260 | D:5      | Reached skill level 10 in Axes
  4260 | D:5      | Reached XP level 8. HP: 64/64 MP: 7/7
  4652 | D:6      | Found Docseagg's Antique Weapon Emporium.
  4706 | D:6      | Found an iron altar of Okawaru.
  4814 | D:6      | Found an ornate altar of the Wu Jian Council.
  4911 | D:6      | Reached XP level 9. HP: 54/70 MP: 8/8
  5837 | D:7      | Found a hide-covered altar of Uskayaw.
  6020 | D:7      | Found Loegidok's Assorted Antiques.
  6028 | D:7      | Reached skill level 15 in Axes
  6155 | D:8      | Reached **** piety under Trog
  6291 | D:8      | Found a broken altar of Ashenzari.
  6331 | D:8      | Noticed Gastronok
  6366 | D:8      | Killed Gastronok
  6367 | D:8      | Reached skill level 5 in Fighting
  6367 | D:8      | Reached skill level 5 in Armour
  6367 | D:8      | Reached XP level 10. HP: 83/83 MP: 9/9
  6724 | D:9      | Found Oreo's Lightly-Used Armoury.
  6871 | D:9      | Found a flagged portal.
  6884 | Bailey   | Entered a bailey
  6982 | Bailey   | Noticed Prince Ribbit
  6982 | Bailey   | Noticed a vault guard
  6986 | Bailey   | Killed Prince Ribbit
  6992 | Bailey   | Killed a vault guard
  7072 | Bailey   | Noticed a vault guard
  7083 | Bailey   | Killed a vault guard
  7084 | Bailey   | Reached XP level 11. HP: 60/97 MP: 10/10
  7521 | D:9      | Noticed Erolcha
  7530 | D:9      | Killed Erolcha
  7772 | D:9      | Reached skill level 10 in Fighting
  7855 | D:10     | Entered Level 10 of the Dungeon
  7991 | D:10     | Reached skill level 10 in Armour
  7999 | D:10     | Reached skill level 1 in Shields
  8057 | D:10     | Found a staircase to the Lair.
  8228 | D:10     | Found a glowing golden altar of the Shining One.
  8355 | Lair:1   | Entered Level 1 of the Lair of Beasts
  8532 | Lair:1   | Found a dark tunnel.
  8541 | Volcano  | Entered a volcano
  8561 | Volcano  | Noticed a sun demon
  8576 | Volcano  | Killed a sun demon
  8714 | Volcano  | Noticed an orc sorcerer
  8722 | Volcano  | Killed an orc sorcerer
  9779 | Lair:2   | Reached skill level 10 in Maces & Flails
  9884 | Lair:2   | Noticed Nergalle
  9891 | Lair:2   | Reached XP level 12. HP: 106/106 MP: 11/11
  9899 | Lair:2   | Killed Nergalle
  9905 | Lair:2   | Identified the +8 quarterstaff of Tenacity {heavy, Str-4
                  | Dex+4}
 11211 | Lair:3   | Reached ***** piety under Trog
 11297 | Lair:3   | Found a staircase to the Swamp.
 11503 | Lair:3   | Noticed a seven-headed hydra
 11514 | Lair:3   | Killed a 13-headed hydra
 11567 | Lair:3   | Found a hole to the Spider Nest.
 11619 | Lair:3   | Reached skill level 15 in Maces & Flails
 12076 | Lair:4   | Noticed Nessos
 12209 | Lair:4   | HP: 4/106 [Nessos/arrow (13)]
 12211 | Lair:4   | Shot with an arrow by Nessos

Illustrated notes

Levels and vault maps discovered:
D:1:      lemuel_arrival_behind_the_door_small, layout_loops_cross,
          minmay_tromino_i2
D:2:      layout_loops_ring, st_stairs_11
D:3:      layout_loops_ring, serial_glass, glass_columns_c, glass_columns_a,
          lightli_sewer_entry_pipes, uniq_jessica
D:4:      layout_rooms, gammafunk_temple_overflow_elements
D:5:      layout_cave_pods, lightli_temple_of_fire,
          minmay_temple_entry_overgrown, lightli_ossuary_entry_decrepit_ruins,
          roderic_batcave, supply_closet_lemuel, kennysheep_diamond, uniq_edmund
D:6:      layout_basic, kennysheep_okawaru_gauntlet,
          nicolae_overflow_crystal_walls, serial_shops, shop,
          kennysheep_generic_room_7
D:7:      layout_gridville, amcnicky_altar_gilded, serial_shops, shop,
          grunt_ministairs_7
D:8:      layout_cave_pools, general_overflow_altar, uniq_gastronok
D:9:      layout_roguey, enter_bailey_5, minmay_shop_damaged, uniq_erolcha
D:10:     nicolae_cairo_tiling, layout_rooms, nicolae_tso_swordbearing_angel
Lair:1:   layout_cave_pods, enter_volcano_2
Lair:2:   layout_gridlike, lemuel_fruit_tree, grunt_megastairs_3,
          infiniplex_staircase_pool_2, serial_bayou_shore_a, uniq_nergalle
Lair:3:   layout_regular_city, minmay_swamp_entry_swarm, spider_nest_entry_a,
          grunt_megastairs_2
Lair:4:   layout_hall_layers, slime_entry_1, uniq_nessos

Skill      XL: |  1  2  3  4  5  6  7  8  9 10 11 12 |
---------------+-------------------------------------+-----
Axes           | 4 5 7 10 12 15 | 15.4
Maces & Flails | 2 4 6 10 15 | 15.4
Fighting       | 5 9 10 | 10.0
Armour         | 5 8 10 | 10.0
Shields        | 3 |  3.7
Dodging        | 4 |  4.2

Action                     |  1- 3 |  4- 6 |  7- 9 | 10-12 || total
---------------------------+-------+-------+-------+-------++-------
  Melee: Hand axe          |    25 |       |       |       ||    25
         Headbutt          |    11 |    14 |    18 |    57 ||   100
         Flail             |    50 |   115 |       |       ||   165
         War axe           |       |    41 |   138 |   192 ||   371
         Punch             |       |       |     2 |       ||     2
         Great mace        |       |       |       |   143 ||   143
  Throw: Dart              |     1 |       |    14 |       ||    15
 Invoke: Berserk           |     2 |     5 |     5 |     8 ||    20
         Trog's Hand       |       |     4 |     2 |     4 ||    10
         Brothers in Arms  |       |       |       |     3 ||     3
  Evoke: Wand              |       |       |       |     6 ||     6
    Use: Scroll            |     5 |     3 |     7 |     6 ||    21
         Potion            |       |       |     1 |     5 ||     6
 Armour: Animal skin       |     7 |    16 |       |       ||    23
         Ring mail         |       |     6 |       |       ||     6
         Scale mail        |       |    31 |    16 |    52 ||    99
         Plate armour      |       |       |    35 |    89 ||   124
  Dodge: Dodged            |    33 |    85 |    33 |   216 ||   367
  Block: Kite shield       |       |       |    24 |    44 ||    68
